 Dungeon Crawl Stone Soup version 0.28.0-47-ge53b351184 (webtiles) character file.

Game seed: 1651122729762979216

62 pkoi the Gusty (level 3, -1/27 HPs)
             Began as a Demigod Air Elementalist on Apr 25, 2022.
             Slain by an orc
             ... wielding a +2 flail of protection
              (6 damage)
             ... on level 1 of the Dungeon.
             The game lasted 00:03:06 (2732 turns).

pkoi the Gusty (Demigod Air Elementalist)           Turns: 2732, Time: 00:03:06

Health: -1/27      AC:  2    Str:  9    XL:     3   Next: 60%
Magic:  0/8        EV: 12    Int: 21    God:
Gold:   80         SH:  0    Dex: 14    Spells: 4/5 levels left

rFire   . . .      SeeInvis .   b - +0 dagger
rCold   . . .      Faith    .   (no shield)
rNeg    . . .      Spirit   .   a - +0 robe
rPois   .          Reflect  .   (no helmet)
rElec   .          Harm     .   (no cloak)
rCorr   .          Rampage  .   (no gloves)
Will    .....                   (no boots)
Stlth   ++........              (no amulet)
HPRegen 0.09/turn               (no ring)
MPRegen 0.11/turn               (no ring)

@: no status effects
A: high MP 1, forlorn, divine attributes
a: no special abilities


You were on level 1 of the Dungeon.
You visited 1 branch of the dungeon, and saw 2 of its levels.

You collected 80 gold pieces.

Inventory:

Hand Weapons
 b - a +0 dagger (weapon)
Missiles
 f - 3 poisoned darts
Armour
 a - a +0 robe (worn)
Scrolls
 c - a scroll of enchant armour {unknown}
 e - 2 scrolls of enchant weapon {unknown}
Potions
 d - a potion of might {unknown}


   Skills:
 + Level 0.5 Fighting
 + Level 2.0 Dodging
 - Level 1.7 Stealth
 + Level 0.8 Unarmed Combat
 - Level 1.7 Spellcasting
 - Level 0.8 Conjurations
 * Level 4.0 Air Magic


You had 4 spell levels left.
You knew the following spells:

 Your Spells              Type           Power      Damage    Failure   Level
a - Shock                 Conj/Air       48%        1d6       5%          1

Your spell library contained the following spells:

 Spells                   Type           Power      Damage    Failure   Level
 Static Discharge         Conj/Air       12%        N/A       9%          2
 Swiftness                Air            18%        N/A       9%          3
 Summon Small Mammal      Summ           4%         N/A       16%         1
 Airstrike                Air            9%         N/A       28%         4
 Call Canine Familiar     Summ           1%         N/A       41%         3
 Gell's Gravitas          Tloc           1%         N/A       41%         3
 Lesser Beckoning         Tloc           1%         N/A       41%         3
 Summon Guardian Golem    Hex/Summ       1%         N/A       41%         3
 Teleport Other           Tloc           1%         N/A       41%         3


Dungeon Overview and Level Annotations

Branches:
Dungeon (2/15)


Innate Abilities, Weirdness & Mutations

You have an increased reservoir of magic. (+10% MP)
You shall have no god before yourself.
Your divine heritage dramatically boosts your attributes as you level up.


Message History

Beogh smites you!
* * * LOW HITPOINT WARNING * * *
There is a stone staircase leading up here.
The orc misses you.
You climb upwards.
There is a stone staircase leading down here.
The orc barely misses you.
Aiming: Shock (safe; 5% risk of failure)
Press: ? - help, Q - select action, (/) - cycle Shift-Dir - straight line The zap hits the orc but does no damage.
The zap hits the orc.
The orc is lightly wounded.
The orc closely misses you.
Aiming: Shock (safe; 5% risk of failure)
Press: ? - help, Q - select action, (/) - cycle Shift-Dir - straight line You miscast Shock.
You are very lightly contaminated with residual magic.
Nothing appears to happen.
The orc closely misses you.
Aiming: Shock (safe; 5% risk of failure)
Press: ? - help, Q - select action, (/) - cycle Shift-Dir - straight line The zap misses the orc.
The zap hits the orc.
The orc is moderately wounded.
The orc misses you.
Unknown command.
Your magical contamination has completely faded away.
Aiming: Shock (safe; 5% risk of failure)
Press: ? - help, Q - select action, (/) - cycle Shift-Dir - straight line The zap hits the orc but does no damage.
The orc is lightly wounded.
The zap misses the orc.
The orc hits you with a +2 flail of protection.
* * * LOW HITPOINT WARNING * * *
Aiming: Shock (safe; 5% risk of failure)
Press: ? - help, Q - select action, (/) - cycle Shift-Dir - straight line The zap hits the orc but does no damage.
The zap hits the orc.
The orc is heavily wounded.
The orc hits you with a +2 flail of protection.
You die...

#####.'.....#....#...............
#...'.#.....#................###.
#⌠⌠.#.#.....#....#####.......###.
#############....#####......[....
.................................
################.#####...#...###.
#.#.#####.......# #.
#...o.....>.....###.
#.#@######..........
#.#.................
#.###########.......
#..........(...####.
#############..# #. #..# #. #..#
#. #### ##


You could see an orc.

Vanquished Creatures
  2 adders (D:2)
  2 dart slugs
  2 orcs (D:2)
  3 ball pythons
  3 bats (D:1)
  4 endoplasms
  A giant cockroach (D:1)
  5 goblins
  3 hobgoblins
  A quokka (D:2)
  3 frilled lizards
  3 kobolds (D:1)
  6 rats
38 creatures vanquished.

Notes
Turn   | Place    | Note
-------+----------+-------------------------------------------
     0 | D:1      | pkoi the Demigod Air Elementalist began the quest for the
                  | Orb.
     0 | D:1      | Reached XP level 1. HP: 14/14 MP: 5/5
   126 | D:1      | Reached skill level 3 in Air Magic
   782 | D:1      | Reached XP level 2. HP: 20/20 MP: 5/7
  1837 | D:2      | Reached XP level 3. HP: 26/26 MP: 4/8
  2679 | D:2      | Reached skill level 4 in Air Magic
  2732 | D:1      | Slain by an orc

Illustrated notes

Levels and vault maps discovered:
D:1:      evilmike_arrival_home_sweet_home, layout_basic
D:2:      layout_loops_ring, shapermc_ecumenical_altar_venn

Skill      XL: |  1  2  3 |
---------------+----------+-----
Air Magic      | 3 4 |  4.0
Dodging        | 2 |  2.0
Fighting       | |  0.5
Stealth        | |  1.7
Unarmed Combat | |  0.8
Spellcasting   | |  1.7
Conjurations   | |  0.8

Action                   || total
-------------------------++-------
Melee: Dagger            ||    19
 Cast: Shock             ||    89
Armor: Robe              ||    13
Dodge: Dodged            ||    35
